 Dungeon Crawl Stone Soup version 0.30.0-29-ga12c61a403 (webtiles) character file.

Game seed: 906974405307348559

38 Jannitor the Shooter (level 3, 0/18 HPs)
             Began as a Vine Stalker Hunter on June 14, 2023.
             Succumbed to an adder's poison
             ... on level 2 of the Dungeon.
             The game lasted 00:01:24 (716 turns).

Jannitor the Shooter (Vine Stalker Hunter)           Turns: 716, Time: 00:01:25

Health: 0/18       AC:  3    Str: 11 (13) XL:     3   Next: 43%
Magic:  2/4        EV: 12    Int:  8 (9)  God:
Gold:   112        SH:  0    Dex: 17 (19) Spells: 2/2 levels left

rFire   . . .        e - +0 dagger
rCold   . . .        (no shield)
rNeg    . . .        c - +0 leather armour
rPois   .            (no helmet)
rElec   .            (no cloak)
rCorr   .            (no gloves)
SInv    .            (no boots)
Will    .....        (no amulet)
Stlth   ++           (no ring)
HPRegen 0.23/turn    (no ring)
MPRegen 0.09/turn

%: guardian spirit
@: lethally poisoned (0 -> -2)
A: fangs 2, magic shield, antimagic bite, no potion heal 2
a: no special abilities


You were on level 2 of the Dungeon.
You visited 1 branch of the dungeon, and saw 2 of its levels.

You collected 112 gold pieces.

Inventory:

Hand Weapons
 a - a +0 shortbow
 e - a +0 dagger (weapon)
Missiles
 i - 3 poisoned darts
Armour
 c - a +0 leather armour (worn)
Scrolls
 b - a scroll of immolation
 g - 3 scrolls of identify {unknown}
 h - a scroll of poison {unknown}
Potions
 d - a potion of attraction {unknown}
 f - a potion of degeneration


   Skills:
 + Level 2.2 Fighting
 + Level 1.1 Short Blades
 - Level 3.6 Ranged Weapons
 + Level 2.1 Dodging
 + Level 2.2 Stealth


You had 2 spell levels left.
You didn't know any spells.
Your spell library was empty.

Dungeon Overview and Level Annotations

Branches:
Dungeon (2/15)

Altars:


Innate Abilities, Weirdness & Mutations

You have extremely sharp teeth.
When hurt, damage is shared between your health and your magic reserves.
Your bite disrupts and absorbs the magic of your enemies.
Potions cannot restore your health.


Message History

The hobgoblin is heavily wounded.
The hobgoblin hits you.
* * * LOW HITPOINT WARNING * * *
You hit the hobgoblin.
You kill the hobgoblin!
You closely miss the adder. Your bite misses the adder.
The adder barely misses you. x2
You hit the adder.
The adder is moderately wounded.
The adder closely misses you.
You barely miss the adder. Your bite misses the adder.
The adder is moderately wounded.
The adder bites you but does no damage.
You hit the adder but do no damage. You bite the adder. You drain its power.
You feel invigorated.
The adder is severely wounded.
The adder bites you.
* * * LOW HITPOINT WARNING * * *
You are lethally poisoned!
The adder poisons you!
You closely miss the adder. Your bite misses the adder.
The adder is severely wounded.
* * * LOW HITPOINT WARNING * * *
You feel sick. The adder barely misses you. x2
You miss the adder. You bite the adder. You drain its power.
The adder is almost dead.
* * * LOW HITPOINT WARNING * * *
You feel sick. The adder bites you.
Unknown command.
You hit the adder but do no damage. You bite the adder, but do no damage.
The adder is almost dead.
The adder misses you.
You barely miss the adder. You bite the adder.
You kill the adder!
* * * LOW HITPOINT WARNING * * *
You feel sick.
It was a potion of degeneration.
There was something very wrong with that liquid.
You feel weakened.
You feel dopey.
You feel clumsy.
You die...

###.... ... ....
..#>...#####...
....
.....(.........
.....
..#............
.....
...............
......
...............
#....#
#.........##.
#...###....<.......
#.@†[............
####.####......##
#†####.....##
#.##g....###
#..#.##..# ##..=#
<## #.....##
#.###..# .... ...#


There were no monsters in sight!

Vanquished Creatures
  2 adders (D:2)
  3 endoplasms (D:1)
  A goblin (D:1)
  3 hobgoblins
  A kobold (D:1)
  2 ball pythons (D:1)
  3 bats
  A frilled lizard (D:1)
  5 rats (D:1)
21 creatures vanquished.

Notes
Turn   | Place    | Note
-------+----------+-------------------------------------------
     0 | D:1      | Jannitor the Vine Stalker Hunter began the quest for the
                  | Orb.
     0 | D:1      | Reached XP level 1. HP: 11/11 MP: 2/2
   188 | D:1      | Reached XP level 2. HP: 15/15 MP: 3/3
   686 | D:2      | Reached skill level 1 in Short Blades
   686 | D:2      | Reached XP level 3. HP: 12/18 MP: 4/4
   716 | D:2      | Succumbed to an adder's poison

Illustrated notes

Levels and vault maps discovered:
D:1:      dpeg_arrival_more_subterranean_lakeside_camping, layout_loops_ring,
          minmay_misc_feat_chi
D:2:      layout_rooms, minmay_diced_spiral

Skill      XL: |  1  2 |
---------------+-------+-----
Fighting       | 2 |  2.2
Short Blades   | 1 |  1.1
Dodging        | 2 |  2.1
Stealth        | 2 |  2.2
Ranged Weapons | |  3.6

Action                     || total
---------------------------++-------
  Melee: Dagger            ||    59
         Bite              ||    19
         Punch             ||     1
    Use: Potion            ||     1
   Stab: Sleeping          ||     6
 Armour: Leather armour    ||    22
  Dodge: Dodged            ||    45
